 Dungeon Sprint DCSS version 0.22.1-1-ga44c0e56f4 (webtiles) character file.

3182 MuseOD the Unseen (level 9, -3/46 (47) HPs)
             Began as a Spriggan Enchanter on Sept 23, 2018.
             Was a High Priest of Dithmenos.
             Slain by Kirke (17 damage)
             ... in the Dungeon (Sprint II: "The Violet Keep of Menkaure").
             The game lasted 00:03:44 (1387 turns).

MuseOD the Unseen (Spriggan Enchanter)              Turns: 1387, Time: 00:03:44

HP:   -3/46 (47)    AC:  2    Str:  4    XL:     9   Next: 64%
MP:   14/26         EV: 18    Int: 20    God:    Dithmenos [*****.]
Gold: 726           SH:  0    Dex: 16    Spells: 20/32 levels left

rFire    . . .     SeeInvis +   a - +1 dagger
rCold    . . .     Gourm    .   (shield restricted)
rNeg     + . .     Faith    .   b - +0 robe
rPois    .         Spirit   .   (helmet restricted)
rElec    .         Reflect  .   (no cloak)
rCorr    .         Harm     .   (gloves unavailable)
MR       ++++.     Clarity  +   (boots unavailable) Stlth ++++++++++NoTele +
                                k - amulet of the Four Winds {rN+ MR+++ Clar}
HPRegen  0.15/turn              (no ring)
MPRegen  0.20/turn              (no ring)

@: wreathed by umbra, very quick
A: very small, unfitting armour, see invisible, herbivore, speed 3, slow
metabolism 2
a: Shadow Step, Shadow Form, Renounce Religion


You were in the Dungeon.
You worshipped Dithmenos.
Dithmenos was extremely pleased with you.
You were not hungry.

You visited 1 branch You collected 1296 gold pieces.
You spent 570 gold pieces at shops.

Inventory:

Hand Weapons
 a - a +1 dagger (weapon)
Armour
 b - a +0 robe (worn)
Jewellery
 k - the amulet of the Four Winds (around neck) {rN+ MR+++ Clar}
   (You bought it in a shop in the Dungeon)

   [amulet of nothing]

   It protects you from negative energy.
   It affects your resistance to hostile enchantments.
   It protects you against confusion.
Scrolls
 j - a scroll of blinking
Potions
 c - a potion of berserk rage
 e - a potion of curing
 f - a potion of heal wounds
 g - a potion of haste
 h - 2 potions of magic
 i - 3 potions of might {unknown}
Comestibles
 d - a ration


   Skills:
 - Level 5.5 Fighting
 + Level 10.9 Short Blades
 - Level 3.0 Dodging
 + Level 18.0 Stealth
 + Level 12.4 Spellcasting
 + Level 12.5 Hexes


You had 20 spell levels left.
You knew the following spells:

 Your Spells              Type           Power        Failure   Level  Hunger
a - Corona                Hex            ######.      1%          1    None
b - Ensorcelled Hibernat  Hex/Ice        #####.       1%          2    None
c - Confuse               Hex            ######..     1%          3    None
d - Dazzling Spray        Conj/Hex       #####.       1%          3    None
e - Tukima's Dance        Hex            ######..     1%          3    None

Your spell library contained the following spells:

 Spells                   Type           Power        Failure   Level  Hunger


Dungeon Overview and Level Annotations

Branches:
Dungeon (1/1)

Altars:
Cheibriados
Dithmenos
Elyvilon
Fedhas
Gozag
Hepliaklqana
Kikubaaqudgha
Makhleb
Nemelex Xobeh
Okawaru
Qazlal
Ru
Sif Muna
Trog
Uskayaw
Vehumet
Wu Jian
Xom
Yredelemnul
Zin
The Shining One
Beogh
Jiyva
Lugonu

Shops:
D ?!:(=[:!%[}:(?*=

Annotations:
D exclusions: ice statue and oklob plant, Kirke


Innate Abilities, Weirdness & Mutations

You are very small and have problems with some larger weapons.
You are too small for most types of armour.
You have supernaturally acute eyesight. (SInv)
You are a herbivore.
You cover ground extremely quickly.
You need to consume almost no food.


Message History

Aiming: Ensorcelled Hibernation (safe; 1% risk of failure)
Press: ? - help, Shift-Dir - straight line, f/p - kobold demonologist
Aim: a kobold demonologist, wielding a dagger and wearing a robe (umbra, chance The kobold demonologist resists with some effort.
The elephant trumpets!
Kirke shouts!
The yaktaur captain shouts!
Casting: Ensorcelled Hibernation (safe; 1% risk of failure)
Confirm with . or Enter, or press ? or * to list all spells.
Aiming: Confuse (safe; 1% risk of failure)
Press: ? - help, Shift-Dir - straight line, f/p - kobold demonologist
Aim: a kobold demonologist, wielding a dagger and wearing a robe (umbra, chance Kirke resists with almost no effort.
The skeletal warrior misses you.
Casting: Confuse (safe; 1% risk of failure)
Confirm with . or Enter, or press ? or * to list all spells.
Aiming: Confuse (safe; 1% risk of failure)
Press: ? - help, Shift-Dir - straight line, f - Kirke
Aim: Kirke (umbra, chance to defeat MR: 13%) Kirke resists with almost no effort.
The skeletal warrior hits you from afar with a glaive!
You emit a cloud of dark smoke.
Kirke hits you!
You die...

####+#### ##§§§§§§§##
§§§§§§§≈≈## ###
§§§8§≈≈≈≈##++ #.Yc####
§§§≈§≈§##≈§. #$cz@@§## §§§≈
#e≈..
############§§#+++#+++#####(
###########≈§§.........#..'.
##........#≈≈≈≈.##'##..#..##
##...⌠....#≈≈≈≈###..##.####.
##..∩.∩...#≈≈≈≈#.##..# ...#.
##.∩.∩.∩..#≈≈####.#.####..##
##∩.∩.∩.∩.#≈##.###'###.##..#
##.∩...∩.∩#≈#.#.##.##...#..#


You could see Kirke, a yaktaur captain, an elephant, a skeletal warrior and a
centaur warrior.

Vanquished Creatures
  A yaktaur (D)
  3 polar bears (D)
  5 hippogriffs (D)
  A hornet (D)
  2 wyverns (D)
  4 neqoxecs (D)
  Menkaure (D)
  4 necrophages (D)
  A hell rat (D)
  3 worms (D)
  A spectral bat (D)
  A spectral giant cockroach (D)
27 creatures vanquished.

Vanquished Creatures (others)
  A crocodile (D)
1 creature vanquished.

Grand Total: 28 creatures vanquished

Notes
Turn   | Place    | Note
-------+----------+-------------------------------------------
     0 | D        | MuseOD the Spriggan Enchanter began the quest for the Orb.
     0 | D        | Reached XP level 1. HP: 9/9 MP: 5/5
     1 | D        | Noticed a necrophage
     1 | D        | Noticed a necrophage
     1 | D        | Noticed a necrophage
     1 | D        | Noticed a necrophage
    11 | D        | Killed a necrophage
    11 | D        | Reached skill level 7 in Stealth
    11 | D        | Reached XP level 2. HP: 16/16 MP: 6/6
    11 | D        | Reached XP level 3. HP: 20/20 MP: 8/8
    11 | D        | Reached XP level 4. HP: 24/24 MP: 9/9
    15 | D        | Killed a necrophage
    15 | D        | Reached skill level 9 in Stealth
    15 | D        | Reached XP level 5. HP: 29/29 MP: 10/10
    20 | D        | Killed a necrophage
    20 | D        | Reached skill level 5 in Fighting
    20 | D        | Reached skill level 10 in Stealth
    34 | D        | Killed a necrophage
    34 | D        | Reached skill level 10 in Short Blades
    34 | D        | Reached skill level 11 in Stealth
    34 | D        | Reached XP level 6. HP: 28/34 MP: 11/11
    38 | D        | Learned a level 2 spell: Ensorcelled Hibernation
    42 | D        | Learned a level 3 spell: Confuse
    46 | D        | Learned a level 3 spell: Dazzling Spray
    55 | D        | Found an iron altar of Okawaru.
    55 | D        | Found an opulent altar of Gozag.
    56 | D        | Found a sparkling altar of Nemelex Xobeh.
    56 | D        | Found a blossoming altar of Fedhas.
    57 | D        | Found a radiant altar of Vehumet.
    57 | D        | Found a burning altar of Makhleb.
    57 | D        | Found a white marble altar of Elyvilon.
    58 | D        | Found a hide-covered altar of Uskayaw.
    58 | D        | Found a corrupted altar of Lugonu.
    58 | D        | Found a shadowy altar of Dithmenos.
    59 | D        | Found a glowing silver altar of Zin.
    59 | D        | Found a bloodstained altar of Trog.
    59 | D        | Found an ancient bone altar of Kikubaaqudgha.
    60 | D        | Found a basalt altar of Yredelemnul.
    60 | D        | Found a deep blue altar of Sif Muna.
    60 | D        | Found a viscous altar of Jiyva.
    61 | D        | Found a shimmering altar of Xom.
    61 | D        | Found a sacrificial altar of Ru.
    62 | D        | Found a glowing golden altar of the Shining One.
    62 | D        | Found an ornate altar of the Wu Jian Council.
    62 | D        | Found a stormy altar of Qazlal.
    64 | D        | Found a snail-covered altar of Cheibriados.
    64 | D        | Found a hazy altar of Hepliaklqana.
    65 | D        | Found a roughly hewn altar of Beogh.
    71 | D        | Became a worshipper of Dithmenos the Shadowed
    82 | D        | Noticed a hippogriff
    83 | D        | Noticed a hippogriff
    83 | D        | Noticed a hippogriff
    84 | D        | Killed a hippogriff
    84 | D        | Reached skill level 12 in Stealth
    84 | D        | Reached skill level 5 in Spellcasting
    84 | D        | Reached skill level 5 in Hexes
    84 | D        | Reached XP level 7. HP: 38/38 MP: 11/16
    86 | D        | Killed a hippogriff
    86 | D        | Reached skill level 13 in Stealth
    87 | D        | Killed a hippogriff
    87 | D        | Reached * piety under Dithmenos
    87 | D        | Reached skill level 14 in Stealth
    92 | D        | Noticed a wyvern
    93 | D        | Noticed a wyvern
    98 | D        | Killed a wyvern
    98 | D        | Reached XP level 8. HP: 22/43 MP: 11/21
   487 | D        | Noticed a yaktaur
   487 | D        | Noticed a hornet
   487 | D        | Noticed a polar bear
   488 | D        | Noticed a polar bear
   488 | D        | Noticed a polar bear
   489 | D        | Killed a polar bear
   489 | D        | Reached ** piety under Dithmenos
   489 | D        | Reached skill level 15 in Stealth
   490 | D        | Killed a polar bear
   490 | D        | Reached skill level 10 in Spellcasting
   490 | D        | Reached skill level 10 in Hexes
   502 | D        | Killed a polar bear
   502 | D        | Reached skill level 16 in Stealth
   509 | D        | Killed a yaktaur
   509 | D        | Reached XP level 9. HP: 19/46 MP: 8/24
   510 | D        | Reached *** piety under Dithmenos
   520 | D        | Noticed a death drake
   527 | D        | Noticed a deep elf master archer
   711 | D        | Learned a level 3 spell: Tukima's Dance
   999 | D        | Reached **** piety under Dithmenos
  1012 | D        | Reached skill level 17 in Stealth
  1017 | D        | Reached ***** piety under Dithmenos
  1052 | D        | Noticed an ice statue
  1055 | D        | Found Meploune's Jewellery Shop.
  1056 | D        | Found Heloguph's Magic Scroll Boutique.
  1056 | D        | Found Podd's General Store.
  1057 | D        | Found Rayl's Book Shop.
  1057 | D        | Found Heesie's Weapon Shop.
  1058 | D        | Found Fiag Titaun's Antique Armour Boutique.
  1058 | D        | Found Tuopp's Gadget Boutique.
  1064 | D        | Found Potrac's Distillery.
  1065 | D        | Found Zoiza's Book Shop.
  1065 | D        | Found Riurhes's Food Shop.
  1065 | D        | Found Atheih's Antique Armour Boutique.
  1069 | D        | Found Ciudirec's Jewellery Shop.
  1069 | D        | Found Reaken's Antique Weapon Boutique.
  1069 | D        | Noticed Menkaure
  1069 | D        | Noticed a spiny frog
  1069 | D        | Noticed a spiny frog
  1069 | D        | Noticed an oklob plant
  1070 | D        | Found Eraluuv's Distillery.
  1070 | D        | Found Fitroth's Magic Scroll Boutique.
  1070 | D        | Found Qerghu's Book Shoppe.
  1073 | D        | Noticed an ice dragon
  1088 | D        | Bought the amulet of the Four Winds {rN+ MR+++ Clar} for
                  | 570 gold pieces
  1088 | D        | Found the amulet of the Four Winds {rN+ MR+++ Clar}
  1114 | D        | Noticed an obsidian statue
  1117 | D        | Noticed Kirke
  1117 | D        | Noticed a skeletal warrior
  1117 | D        | Noticed a kobold demonologist
  1118 | D        | Killed Menkaure
  1118 | D        | Reached skill level 18 in Stealth
  1383 | D        | Noticed a centaur warrior
  1384 | D        | Noticed an elephant
  1384 | D        | Noticed a yaktaur captain
  1387 | D        | Slain by Kirke

Skill      XL: |  1  2  3  4  5  6  7  8  9 |
---------------+----------------------------+-----
Fighting       | 3 4 5 |  5.5
Short Blades   | 6 8 10 | 10.9
Stealth        | 7 9 11 12 14 16 18 | 18.0
Spellcasting   | 5 8 10 12 | 12.4
Hexes          | 5 8 11 12 | 12.5
Dodging        | |  3.0

Action                   |  1- 3 |  4- 6 |  7- 9 || total
-------------------------+-------+-------+-------++-------
Melee: Dagger            |     7 |    24 |    37 ||    68
 Cast: Ensorcelled Hiber |       |       |     7 ||     7
       Confuse           |       |       |    11 ||    11
       Dazzling Spray    |       |       |     5 ||     5
Invok: Shadow Step       |       |       |     1 ||     1
  Use: Potion            |     1 |       |       ||     1
 Stab: Sleeping          |       |     1 |    15 ||    16
       Confused          |       |       |     6 ||     6
Armor: Robe              |       |       |     3 ||     3
Dodge: Dodged            |     5 |     6 |    33 ||    44
